 Dungeon Crawl Stone Soup version 0.26-a0-597-gb535b0901c (webtiles) character file.

Game seed: 15689130353289134922

(classic levelgen) 181198 EnegeticOcto the Severer (level 17, -5/159 HPs)
             Began as a Deep Dwarf Fighter on Sept 2, 2020.
             Was the Champion of Makhleb.
             Slain by a spriggan berserker
             ... wielding a +0 war axe
              (20 damage)
             ... while paralysed by a floating eye
             ... on level 5 of the Depths.
             The game lasted 00:17:17 (17737 turns).

EnegeticOcto the Severer (Deep Dwarf Fighter)      Turns: 17737, Time: 00:17:18

Health: -5/159     AC: 36    Str: 27    XL:     17   Next: 4%
Magic:  0/0        EV:  2    Int:  9    God:    Makhleb [******]
Gold:   989        SH:  0    Dex: 12    Spells: 16/16 levels left

rFire    . . .     SeeInvis +   F - +5 war axe (elec)
rCold    . . .     Faith    .   m - +2 kite shield {AC+3}
rNeg     + . .     Spirit   .   u - +3 plate armour {rPois}
rPois    +         Reflect  .   p - +2 helmet
rElec    .         Harm     .   I - +2 cloak
rCorr    .                      b - +2 pair of gloves
MR       ++...                  N - +2 pair of boots
Stlth    ..........             (no amulet)
HPRegen  0.00/turn              v - ring of see invisible
MPRegen  0.07/turn              (no ring)

@: paralysed, mighty, non-regenerating
A: damage resistance, heal wounds, negative energy resistance 1, sense
surroundings 2, screaming 1, no regeneration
}: 2/15 runes: decaying, gossamer
a: Heal Wounds, Minor Destruction, Lesser Servant of Makhleb, Major Destruction,
Greater Servant of Makhleb, Renounce Religion


You were on level 5 of the Depths.
You worshipped Makhleb.
Makhleb was exalted by your worship.
You visited 7 branches of the dungeon, and saw 37 of its levels.

You collected 2282 gold pieces.
You spent 1293 gold pieces at shops.

Inventory:

Hand Weapons
 F - a +5 war axe of electrocution (weapon)
Missiles
 E - 3 throwing nets (quivered)
Armour
 b - a +2 pair of gloves (worn)
 m - a +2 kite shield of protection (worn)
 p - a +2 helmet (worn)
 u - a +3 plate armour of poison resistance (worn)
 I - a +2 cloak (worn)
 N - a +2 pair of boots (worn)
Jewellery
 v - a ring of see invisible (left hand)
Wands
 i - a wand of disintegration (24)
 k - a wand of paralysis (12)
 y - a wand of iceblast (19) {@v2}
 H - a wand of acid (1) {@v1}
 J - a wand of polymorph (14)
 K - a wand of digging (5) {@v3}
Scrolls
 a - a scroll of enchant weapon
 e - 3 scrolls of fog
 f - 3 scrolls of remove curse {@r2}
 l - 3 scrolls of fear
 o - 8 scrolls of teleportation {@r3}
 s - 3 scrolls of magic mapping {@r5}
 w - a scroll of immolation {@r4}
 C - 2 scrolls of holy word
 G - 5 scrolls of identify {@r1}
Potions
 d - 2 potions of might {@q3}
 g - 2 potions of curing {@q1}
 h - 2 potions of stabbing {@q5}
 j - 2 potions of heal wounds {@q2}
 n - 3 potions of berserk rage
 q - 4 potions of resistance {@q6}
 r - 2 potions of haste {@q4}
 t - 4 potions of lignification {@q7}
 x - 4 potions of ambrosia
 z - 5 potions of invisibility
 D - 5 potions of flight
 L - a potion of cancellation
Miscellaneous
 B - a box of beasts (3/3)


   Skills:
 + Level 12.2 Fighting
 - Level 18.0 Axes
 - Level 14.1 Armour
 - Level 14.3 Shields
 * Level 16.9 Invocations


You had 16 spell levels left.
You didn't know any spells.
Your spell library was empty.

Dungeon Overview and Level Annotations

Branches:
Dungeon (15/15)            Temple (1/1) D:4            Lair (6/6) D:10
  Swamp (4/4) Lair:3       Spider (4/4) Lair:2          Orc (2/2) D:10
    Elf (0/3) Orc:2        Vaults (0/5) D:14         Depths (5/5) D:15
  Slime: Lair:5-6       Zot: Depths:5

Altars:
Ashenzari
Cheibriados
Dithmenos
Elyvilon
Fedhas
Gozag
Hepliaklqana
Kikubaaqudgha
Makhleb
Nemelex Xobeh
Okawaru
Qazlal
Ru
Sif Muna
Trog
Uskayaw
Vehumet
Wu Jian
Xom
Yredelemnul
Zin
The Shining One
Beogh

Shops:
D:4 ?   D:10 [((   D:15 *   Orc:2 [?!:   Depths:4 (

Portals:
Hell: Depths:2

Annotations:
D:6 2 transporters
D:10 exclusion: 4 oklob plants
Spider:1 1 exclusion
Spider:3 Agnes, Mara


Innate Abilities, Weirdness & Mutations

You are resistant to damage.
You can heal yourself by infusing magical energy.
You resist negative energy. (rN+)
You passively map the area around you.
You do not regenerate.
You occasionally shout uncontrollably at your foes.


Message History

You block the purple draconian's attack.
You slash the purple draconian!
The purple draconian is lightly wounded.
You hit the polar bear.
Lightning courses through the polar bear!
The black draconian hits you but does no damage.
You block the polar bear's attack. The polar bear closely misses you.
The polar bear barely misses you.
The spriggan berserker mumbles some strange prayers to Trog.
The spriggan berserker goes berserk!
You closely miss the polar bear.
The polar bear is moderately wounded.
You slash the purple draconian!
You block the purple draconian's attack.
The deep troll earth mage casts a spell next to you.
Some rock shatters into small pieces.
The polar bear barely misses you.
The polar bear claws you. x2; You block the black draconian's attack.
You slash the purple draconian!
The purple draconian is heavily wounded.
You slash the polar bear! The polar bear bites you!
You block the polar bear's attack.
The polar bear claws you but does no damage.
A floating eye comes into view.
You block the purple draconian's attack.
The floating eye turns its gaze towards you.
You hit the purple draconian.
The purple draconian is heavily wounded.
You hit the deep troll earth mage but do no damage.
You miss the black draconian scorcher. You hit the polar bear.
You block the polar bear's attack. x3
The black draconian hits you from afar with a +0 glaive!
The floating eye seems to glare at you.
You are too injured to fight recklessly!
You are too injured to fight recklessly!
You are too injured to fight recklessly!
You are too injured to fight recklessly!
You are too injured to fight recklessly!
You are too injured to fight recklessly!
You are too injured to fight recklessly!
You are too injured to fight recklessly!
You are too injured to fight recklessly!
You are too injured to fight recklessly!
You are too injured to fight recklessly!
You are too injured to fight recklessly!
You are too injured to fight recklessly!
You are too injured to fight recklessly!
You are too injured to fight recklessly!
You are too injured to fight recklessly!
You are too injured to fight recklessly!
You are too injured to fight recklessly!
You are too injured to fight recklessly!
You are too injured to fight recklessly!
You are too injured to fight recklessly!
You closely miss the purple draconian.
The purple draconian is heavily wounded.
You slice the polar bear!!
Lightning courses through the polar bear!!
You kill the polar bear!
The polar bear's corpse disappears in a puff of smoke!
You hit the black draconian scorcher.
You barely miss the deep troll earth mage.
You block the deep troll earth mage's attack. x2
The deep troll earth mage barely misses you.
The black draconian scorcher hits you but does no damage.
The purple draconian hits you but does no damage.
You slice the purple draconian!!
The purple draconian is severely wounded.
You slash the deep troll earth mage!
You slice the black draconian scorcher!!
You slice the spriggan berserker!!
You block the spriggan berserker's attack.
The black draconian hits you from afar with a +0 glaive!
The deep troll earth mage completely misses you.
The deep troll earth mage claws you but does no damage.
You block the deep troll earth mage's attack.
The black draconian scorcher hits you but does no damage.
You slice the spriggan berserker!!
The spriggan berserker is heavily wounded.
You hit the black draconian scorcher.
You closely miss the deep troll earth mage.
You slash the purple draconian!
Lightning courses through the purple draconian!
You kill the purple draconian!
Makhleb accepts your kill.
The spriggan berserker barely misses you.
The floating eye gazes piercingly through you!
You suddenly lose the ability to move!
The spriggan berserker hits you with a +0 war axe!!
* * * LOW HITPOINT WARNING * * *
The deep troll earth mage bites you!
* * * LOW HITPOINT WARNING * * *
The deep troll earth mage claws you but does no damage.
The deep troll earth mage claws you!
* * * LOW HITPOINT WARNING * * *
The polar bear bites you but does no damage.
The polar bear claws you but does no damage. x2
The black draconian barely misses you.
The floating eye changes into a hippogriff!
The spriggan berserker hits you with a +0 war axe!!
You die...

## *,,** **,,,***,,,** **,,*,,
≈####,,,* **,,,** **,,,** *,,,*,,
≈≈#§##,,***,,,** ***,,,***,,**,,
§§§≈§#,,,*,,,** * **,,,*,,,*,,,
§§≈§§##,,,,,** * , **,,,,,**,,,
.§§..≈#,,..** * * **.,,,*≈≈≈≈
.§≈...#*,...#*## * **#..,,**≈≈≈≈
(..######.....#T#####....,***,,,*
#.......#*#....h@.dH....#****,*,,
#.......# ###..iq.....##*,,,*,**,
#.......#########.##### *,*,*,**,
........#.............# *,*,*,**,
#.......#.#######.....# *,*,*<***
#......##.# #.##### *,*,*****
#$.....'..# #.#******,*,,,,**
.......#### #..,,,,,,,****,*
#....<.# ###***********,*


You could see a black draconian, a black draconian scorcher, a spriggan
berserker (berserk), a deep troll earth mage, a polar bear (summoned, berserk)
and a hippogriff shaped shifter.

Vanquished Creatures
  Frederick (Depths:4)
  Jorgrun (D:15)
  Kirke (D:15)
  Aizul (Depths:2)
  A frost giant (D:15)
  3 ghost moths
  5 emperor scorpions
  2 entropy weavers (Spider:1)
  A spark wasp (Spider:2)
  A dire elephant (Lair:2)
  A purple draconian (Depths:5)
  2 ogre magi
  2 fire dragons (Depths:5)
  A yaktaur captain (Depths:2)
  A rakshasa (D:14)
  2 great orbs of eyes (Depths:4)
  Harold (D:8)
  A vault guard (D:14)
  3 ice dragons
  14 hydras
  3 shambling mangroves
  3 ghost crabs
  A centaur warrior (D:15)
  A queen ant (Spider:1)
  9 two-headed ogres
  2 tengu warriors (D:15)
  6 alligators
  A death yak (D:14)
  An orc high priest (Orc:1)
  3 unseen horrors
  A wizard (D:14)
  13 swamp dragons
  Pikel (D:4)
  6 orc sorcerers (Orc:2)
  2 necromancers (D:14)
  2 orc knights
  18 wolf spiders
  5 cyclopes
  8 orb spiders
  12 elephants (Lair:2)
  A salamander (Depths:5)
  A moth of wrath (Spider:4)
  A black mamba (Lair:3)
  11 cane toads
  3 torpor snails
  A gargoyle (D:12)
  A komodo dragon (shapeshifter) (D:13)
  6 demonic crawlers
  5 yaktaurs
  2 rime drakes (Swamp:4)
  3 komodo dragons
  2 tengu conjurers (D:13)
  A wolf spider simulacrum (D:14)
  20 hornets
  4 trolls
  14 jumping spiders
  A polar bear (D:14)
  4 bog bodies
  3 hippogriffs
  13 slime creatures
  3 tyrant leeches
  A centaur simulacrum (D:14)
  25 redbacks
  6 spriggans
  9 tarantellas
  A wraith (D:10)
  21 yaks
  19 humans (D:14)
  A vampire (D:13)
  3 wyverns
  A basilisk (Lair:5)
  3 hogs (D:15)
  12 vampire mosquitoes
  A steam dragon (D:12)
  20 insubstantial wisps
  3 wargs
  Menkaure (D:6)
  7 swamp worms
  12 soldier ants
  6 water moccasins
  A floating eye (Depths:5)
  21 orc warriors
  4 porcupines
  8 swamp drakes
  5 ice beasts
  2 sky beasts
  15 ogres
  8 wolves
  12 centaurs
  A necrophage (D:10)
  4 crocodiles
  17 bullfrogs
  A wyvern skeleton (D:12)
  A wyvern zombie (D:6)
  3 scorpions
  16 killer bees
  5 wights (D:10)
  2 electric eels
  A howler monkey (D:14)
  4 orc priests
  2 bullfrog zombies
  3 centaur zombies
  25 orc wizards
  2 bullfrog skeletons
  5 hounds
  A jelly (D:12)
  4 centaur skeletons
  6 iguanas
  23 worker ants
  A killer bee zombie (D:5)
  A hound zombie (D:8)
  A hound skeleton (D:7)
  A worker ant zombie (D:7)
  Robin (D:4)
  4 adders
  9 gnolls
  2 shadow imps
  5 white imps
  3 ufetubi
  An ooze (D:5)
  2 adder skeletons (D:4)
  2 worms (D:4)
  4 dart slugs
  2 leopard geckos
  76 orcs
  4 bats
  3 giant cockroaches
  15 goblins
  7 hobgoblins
  9 jackals
  4 quokkas
  2 frilled lizards
  3 kobolds
  A quokka zombie (D:8)
  4 rats (D:1)
764 creatures vanquished.

Vanquished Creatures (collateral kills)
  Arachne (Spider:3)
  A ghost moth (Spider:4)
  A spark wasp (Spider:3)
  A hydra (Swamp:4)
  A spriggan air mage (Depths:4)
  2 ogre magi (Orc:2)
  A shambling mangrove (Swamp:4)
  Nergalle (Orc:2)
  4 wolf spiders (Spider:4)
  An orc sorcerer (Orc:2)
  5 orb spiders
  7 elephants (Lair:2)
  A demonic crawler (Spider:4)
  11 jumping spiders (Spider:4)
  2 hornets (Spider:4)
  6 redbacks
  A tarantella (Spider:2)
  A swamp worm (Swamp:3)
  An electric eel (Spider:4)
  5 orc wizards (Orc:2)
  2 orcs (Orc:2)
56 creatures vanquished.

Vanquished Creatures (others)
  An orb spider (Spider:4)
  A cane toad (Swamp:4)
  A tyrant leech (Swamp:4)
  A spriggan (Swamp:4)
  9 insubstantial wisps (Swamp:2)
  A swamp worm (Swamp:4)
  2 swamp drakes (Swamp:4)
  2 orc wizards
  A worker ant (Spider:1)
  83 fungi
  65 plants
167 creatures vanquished.

Grand Total: 987 creatures vanquished

Notes
Turn   | Place    | Note
-------+----------+-------------------------------------------
     0 | D:1      | EnegeticOcto the Deep Dwarf Fighter began the quest for the
                  | Orb.
     0 | D:1      | Reached XP level 1. HP: 20/20 MP: 1/1
   140 | D:1      | Reached XP level 2. HP: 21/27 MP: 2/2
   374 | D:2      | Reached skill level 3 in Axes
   374 | D:2      | Reached XP level 3. HP: 32/34 MP: 3/3
   714 | D:4      | Noticed Pikel
   714 | D:4      | Noticed a lemure
   714 | D:4      | Noticed a lemure
   714 | D:4      | Noticed a lemure
   714 | D:4      | Noticed a lemure
   744 | D:4      | Killed Pikel
   744 | D:4      | Reached skill level 5 in Axes
   744 | D:4      | Reached XP level 4. HP: 23/44 MP: 4/4
   744 | D:4      | Reached XP level 5. HP: 26/50 MP: 5/5
   744 | D:4      | Reached XP level 6. HP: 30/57 MP: 6/6
   761 | D:4      | Reached XP level 7. HP: 52/64 MP: 7/7
  1095 | D:4      | Found Cibeaj's Magic Scroll Boutique.
  1109 | D:4      | Reached skill level 5 in Armour
  1109 | D:4      | Reached skill level 5 in Shields
  1222 | D:4      | Found a shimmering blue altar of Sif Muna.
  1302 | D:4      | Found a staircase to the Ecumenical Temple.
  1334 | D:4      | Noticed Robin
  1354 | D:4      | Reached skill level 6 in Axes
  1363 | D:4      | Killed Robin
  1385 | Temple   | Entered the Ecumenical Temple
  1502 | Temple   | Became a worshipper of Makhleb the Destroyer
  1709 | D:5      | Entered Level 5 of the Dungeon
  1766 | D:5      | Reached skill level 1 in Invocations
  1780 | D:5      | Reached XP level 8. HP: 42/73 MP: 8/8
  2000 | D:5      | Reached skill level 7 in Axes
  2032 | D:5      | Reached * piety under Makhleb
  2314 | D:5      | Noticed a +0 dagger
  2314 | D:5      | Noticed a +0 dagger
  2319 | D:5      | Found a hide-covered altar of Uskayaw.
  2684 | D:6      | Noticed Menkaure
  2699 | D:6      | Killed Menkaure
  2699 | D:6      | Reached skill level 5 in Fighting
  2765 | D:6      | Found a transporter.
  2768 | D:6      | Noticed an orc sorcerer
  2770 | D:6      | Noticed a kobold demonologist
  2781 | D:6      | Found a transporter.
  3108 | D:6      | Found a sacrificial altar of Ru.
  3347 | D:7      | Reached skill level 8 in Axes
  3665 | D:7      | Gained mutation: You passively map the area around you.
                  | [Deep Dwarf growth]
  3665 | D:7      | Reached XP level 9. HP: 45/81 MP: 9/9
  3969 | D:7      | Found a hide-covered altar of Uskayaw.
  4372 | D:8      | Noticed Harold
  4400 | D:8      | Killed Harold
  4400 | D:8      | Reached skill level 9 in Axes
  4400 | D:8      | Reached skill level 5 in Invocations
  4451 | D:8      | Reached ** piety under Makhleb
  4744 | D:8      | Found a stormy altar of Qazlal.
  5173 | D:9      | Killed an unseen horror
  5173 | D:9      | Reached XP level 10. HP: 73/91 MP: 10/10
  5225 | D:9      | Found an iron altar of Okawaru.
  5304 | D:9      | Reached skill level 10 in Axes
  5473 | D:9      | Found a glowing golden altar of the Shining One.
  5635 | D:9      | Found a basalt altar of Yredelemnul.
  5635 | D:9      | Found a shattered altar of Ashenzari.
  5902 | D:10     | Entered Level 10 of the Dungeon
  5902 | D:10     | Noticed an oklob plant
  5980 | D:10     | Found a staircase to the Lair.
  6121 | D:10     | Reached *** piety under Makhleb
  6152 | D:10     | Found Kivizith's Weapon Boutique.
  6196 | D:10     | Noticed an oklob plant
  6312 | D:10     | Killed an unseen horror
  6403 | D:10     | Found Ustetu's Weapon Boutique.
  6403 | D:10     | Found a staircase to the Orcish Mines.
  6403 | D:10     | Noticed an orc knight
  6450 | D:10     | Killed an orc knight
  6470 | D:10     | Reached skill level 11 in Axes
  6475 | D:10     | Found Lip Xakud's Armour Boutique.
  6649 | D:10     | Noticed an oklob plant
  6792 | D:10     | Noticed an oklob plant
  6844 | D:11     | Reached XP level 11. HP: 98/100 MP: 8/8
  6915 | D:11     | Reached **** piety under Makhleb
  7119 | D:11     | Noticed a two-headed ogre
  7136 | D:11     | Paralysed by a hornet for 3 turns
  7153 | D:11     | Paralysed by a hornet for 1 turns
  7169 | D:11     | Killed a two-headed ogre
  7350 | D:10     | Bought a +3 plate armour of poison resistance for 588 gold
                  | pieces
  7390 | Lair:1   | Entered Level 1 of the Lair of Beasts
  7601 | Lair:1   | You fall into a shaft and drop 1 floor!
  7627 | Lair:2   | Reached skill level 12 in Axes
  7819 | Lair:2   | Reached XP level 12. HP: 68/110 MP: 10/10
  7884 | Lair:2   | Noticed a dire elephant
  7899 | Lair:2   | Killed a dire elephant
  7942 | Lair:2   | Reached skill level 13 in Axes
  8020 | Lair:2   | Found a hole to the Spider Nest.
  8475 | Lair:3   | Reached skill level 10 in Shields
  8554 | Lair:3   | Reached skill level 10 in Invocations
  8590 | Lair:3   | Reached skill level 10 in Armour
  8625 | Lair:3   | Found a staircase to the Swamp.
  8696 | Lair:3   | Reached ***** piety under Makhleb
  9178 | Orc:1    | Entered Level 1 of the Orcish Mines
  9179 | Orc:1    | Noticed an orc high priest
  9194 | Orc:1    | Gained mutation: You occasionally shout uncontrollably at
                  | your foes. [a neqoxec]
  9422 | Orc:1    | Killed an orc high priest
  9802 | Orc:1    | Found a roughly hewn altar of Beogh.
  9869 | Orc:1    | Noticed a two-headed ogre
  9869 | Orc:1    | Noticed a two-headed ogre
  9870 | Orc:1    | Noticed an ogre mage
  9870 | Orc:1    | Noticed a two-headed ogre
  9870 | Orc:1    | Noticed a two-headed ogre
  9871 | Orc:1    | Noticed a two-headed ogre
  9881 | Orc:1    | Killed a two-headed ogre
  9881 | Orc:1    | Killed an ogre mage
  9881 | Orc:1    | Killed a two-headed ogre
  9881 | Orc:1    | Reached skill level 14 in Axes
  9881 | Orc:1    | Reached XP level 13. HP: 121/121 MP: 10/10
 10137 | Orc:2    | Entered Level 2 of the Orcish Mines
 10253 | Orc:2    | Found a roughly hewn altar of Beogh.
 10317 | Orc:2    | Found a staircase to the Elven Halls.
 10508 | Orc:2    | Found Jahur's Distillery.
 10536 | Orc:2    | Found Lysofar's Book Shop.
 10563 | Orc:2    | Found a radiant altar of Vehumet.
 10578 | Orc:2    | Found Myble's Magic Scroll Boutique.
 10587 | Orc:2    | Noticed Nergalle
 10588 | Orc:2    | Found an ancient bone altar of Kikubaaqudgha.
 10603 | Orc:2    | Killed Nergalle
 10618 | Orc:2    | Found a roughly hewn altar of Beogh.
 10618 | Orc:2    | Found Seemn's Antique Armour Shop.
 10976 | Orc:2    | Bought a scroll of magic mapping for 52 gold pieces
 10976 | Orc:2    | Bought a scroll of enchant weapon for 112 gold pieces
 10999 | Orc:2    | Bought a potion of might for 56 gold pieces
 11029 | Orc:2    | Bought a runed cloak for 195 gold pieces
 11488 | Lair:6   | Entered Level 6 of the Lair of Beasts
 11572 | Spider:1 | Entered Level 1 of the Spider Nest
 11845 | Spider:1 | Noticed an entropy weaver
 11856 | Spider:1 | Killed an entropy weaver
 11856 | Spider:1 | Reached skill level 15 in Axes
 11888 | Spider:1 | Reached ****** piety under Makhleb
 11913 | Spider:1 | Noticed an entropy weaver
 11920 | Spider:1 | Killed an entropy weaver
 12162 | Spider:2 | Gained mutation: You resist negative energy. (rN+) [Deep
                  | Dwarf growth]
 12162 | Spider:2 | Reached XP level 14. HP: 128/130 MP: 11/11
 12197 | Spider:2 | Noticed an emperor scorpion
 12225 | Spider:2 | Killed an emperor scorpion
 12225 | Spider:2 | Reached skill level 10 in Fighting
 12341 | Spider:3 | Noticed a ghost moth
 12343 | Spider:3 | Paralysed by a hornet for 2 turns
 12359 | Spider:3 | Killed a ghost moth
 12519 | Spider:3 | Noticed Mara
 12522 | Spider:3 | Noticed Arachne
 12527 | Spider:3 | Noticed EnegeticOcto's illusion
 12531 | Spider:3 | Noticed Agnes
 12597 | Spider:4 | Entered Level 4 of the Spider Nest
 12620 | Spider:4 | Reached skill level 16 in Axes
 12703 | Spider:4 | Noticed a ghost moth
 12716 | Spider:4 | Killed a ghost moth
 12825 | Spider:4 | Noticed an Executioner
 12846 | Spider:4 | Noticed an emperor scorpion
 12846 | Spider:4 | Noticed an emperor scorpion
 12846 | Spider:4 | Noticed an emperor scorpion
 12846 | Spider:4 | Noticed a ghost moth
 12857 | Spider:4 | Killed a ghost moth
 12858 | Spider:4 | Killed an emperor scorpion
 12863 | Spider:4 | Noticed an emperor scorpion
 12876 | Spider:4 | Killed an emperor scorpion
 12909 | Spider:4 | Killed an emperor scorpion
 12909 | Spider:4 | Reached XP level 15. HP: 114/140 MP: 4/4
 12933 | Spider:4 | Got a gossamer rune of Zot
 12981 | Spider:4 | Noticed a ghost moth
 13015 | Spider:4 | Killed a ghost moth
 13069 | Spider:3 | Killed Arachne
 13190 | Swamp:1  | Entered Level 1 of the Swamp
 13508 | Swamp:2  | Reached skill level 17 in Axes
 14179 | Swamp:4  | Entered Level 4 of the Swamp
 14394 | Swamp:4  | Reached XP level 16. HP: 145/151 MP: 2/2
 14476 | Swamp:4  | Got a decaying rune of Zot
 14959 | D:12     | Found an opulent altar of Gozag.
 14985 | D:12     | Reached skill level 15 in Invocations
 15781 | D:13     | Reached skill level 18 in Axes
 16450 | D:14     | Found a gate to the Vaults.
 16900 | D:15     | Entered Level 15 of the Dungeon
 16920 | D:15     | Noticed Kirke
 16941 | D:15     | Killed Kirke
 16960 | D:15     | Found Nixke's General Store.
 16972 | D:15     | Bought a scroll of enchant weapon for 82 gold pieces
 16972 | D:15     | Bought a potion of heal wounds for 55 gold pieces
 16972 | D:15     | Bought 3 scrolls of magic mapping for 115 gold pieces
 16972 | D:15     | Bought a scroll of magic mapping for 38 gold pieces
 17136 | D:15     | Noticed Jorgrun
 17167 | D:15     | Killed Jorgrun
 17192 | D:15     | Found an ornate altar of the Wu Jian Council.
 17391 | D:15     | Found a staircase to the Depths.
 17415 | Depths:1 | Entered Level 1 of the Depths
 17454 | Depths:2 | Found a gateway to Hell.
 17455 | Depths:2 | Noticed Aizul
 17475 | Depths:2 | Killed Aizul
 17507 | Depths:4 | Found Jaubyqudgh's Weapon Shoppe.
 17529 | Depths:4 | Noticed Frederick
 17546 | Depths:4 | Killed Frederick
 17583 | Depths:5 | Entered Level 5 of the Depths
 17622 | Depths:5 | Paralysed by a floating eye for 3 turns
 17649 | Depths:5 | Reached XP level 17. HP: 113/159 MP: 1/1
 17735 | Depths:5 | Paralysed by a floating eye for 4 turns
 17737 | Depths:5 | Slain by a spriggan berserker

Illustrated notes

Levels and vault maps discovered:
D:1:      lightli_arrival_isolated_outpost, layout_loops_ring
D:2:      layout_loops_ring, minivault_14, uniq_terence
D:3:      layout_basic
D:4:      layout_loops_corners, led_sif_pool, minmay_temple_entry_glassed_door,
          serial_shops, shop_fountains, minmay_ruptured, uniq_pikel, uniq_robin
D:5:      layout_basic, dancing_weapons_uskayaw
D:6:      gammafunk_wand_slinger, layout_basic, nicolae_ru_path_of_blood,
          uniq_menkaure
D:7:      layout_layer_cave, basic_altar, hangedman_decor_riveting
D:8:      layout_loops_ring, grunt_qazlal_sundering, uniq_harold
D:9:      layout_loops_ring, lemuel_doored_altar, lemuel_round_altar,
          gammafunk_temple_overflow_elements, nicolae_wwwww
D:10:     layout_irregular_city, lair_entry_dummy, orc_david_3, serial_shops,
          nicolae_shop_window_shopping, disabler_island
D:11:     layout_big_octagon, minmay_misc_feat_doors
D:12:     layout_cave_pools, basic_altar, kennysheep_decorative_pillar
D:13:     layout_cave_pools
D:14:     layout_loops_cross, grunt_vaults_entry_tiered, serial_ice,
          serial_ice_k, serial_ice_b, serial_ice_n, serial_ice_h, serial_ice_g,
          serial_ice_m, serial_ice_c, serial_ice_e, serial_ice_a, serial_ice_d,
          hangedman_decor_lopped
D:15:     grunt_enter_depths_snipers, layout_layer_cave, basic_altar,
          serial_shops, nicolae_shop_trees, minivault_11, chequers_mini_garden,
          uniq_jorgrun, uniq_kirke
Temple:   eino_temple_scatter_basement
Lair:1:   layout_cave_pods, minmay_lair_oklob_chamber
Lair:2:   mu_elephants_graveyard, layout_gridlike, dummy_spider_entry,
          worms_lemuel
Lair:3:   layout_misc_corridors, minmay_swamp_entry_swarm,
          chequers_serial_rivers_micro_b, beast_lair_carwin_4
Lair:4:   layout_loops_ring
Lair:5:   layout_regular_city, st_stairs_12
Lair:6:   guppyfry_lair_end_dragon, layout_hall_layers, slime_dummy,
          serial_bayou_shore_a, grunt_megastairs_4, uniq_sonja, uniq_urug,
          uniq_rupert
Swamp:1:  layout_basic_swamp, evilmike_swamp_ruin_rubble_2,
          infiniplex_staircase_pool
Swamp:2:  layout_basic_swamp, evilmike_swamp_ruin_wall, swamp_pool3
Swamp:3:  layout_basic_swamp, evilmike_swamp_ruin_house_3, swamp_pool2
Swamp:4:  swamp_alternative, layout_basic_swamp
Spider:1: layout_spider_delve, drop_trap, nicolae_spider_circle_web,
          minmay_another_anthill, uniq_roxanne
Spider:2: layout_spider_delve, gammafunk_ghost_cemetery, drop_trap
Spider:3: layout_spider_delve, uniq_arachne, uniq_mara, uniq_agnes
Spider:4: spider_rune_water
Orc:1:    layout_diamond_mine, nicolae_orc_sculptors_studio, mines1_david
Orc:2:    kennysheep_orc_mage_school, layout_diamond_mine,
          nicolae_orc_lost_temple
Depths:1: layout_gridlike, hellmouth_3, serial_co_window_serial,
          co_window_corner_a, co_window_of_opportunity_a,
          co_window_of_opportunity_a, co_window_corner_a, co_window_corner_a,
          co_window_corner_a, co_window_paths_a, co_window_broadway_b,
          co_window_of_opportunity_c, co_window_corner_ca, glass_columns_b,
          glass_columns_b, glass_columns_b, glass_columns_b, glass_columns_c
Depths:2: gammafunk_corrupted_shrine, layout_honeycomb, enter_ziggurat_e,
          serial_sigils, serial_sigils_hangedman_stare,
          serial_sigils_hangedman_scratch, serial_sigils_hangedman_confine,
          serial_sigils_hangedman_leer, serial_sigils_hangedman_scar,
          hell_entry, infiniplex_staircase_zigzag_5, uniq_aizul, uniq_asterion,
          uniq_sojobo, uniq_nikola
Depths:3: grunt_runaround [grunt_runaround_doors_1, grunt_runaround_doors_2,
          grunt_runaround_doors_3, grunt_runaround_doors_4,
          grunt_runaround_loot], pan_entry, hell_entry
Depths:4: hangedman_cross_cluster, layout_basic, minmay_crystal_water,
          abyss_entry, serial_shops, nicolae_shop_stone,
          nicolae_shop_competitors_out_of_business, shop_coins, pf_coc_iceberg,
          uniq_frederick
Depths:5: grunt_x_marks_the_spot, layout_basic, hell_entry,
          grunt_decor_resistance

Skill      XL: |  1  2  3  4  5  6  7  8  9 10 11 12 13 14 15 16 |
---------------+-------------------------------------------------+-----
Fighting       | 3 4 5 6 7 8 9 10 11 12 | 12.2
Axes           | 3 5 6 8 9 11 12 14 15 16 17 18 | 18.0
Armour         | 4 5 6 7 8 9 10 11 12 13 14 | 14.1
Shields        | 4 5 6 7 8 9 10 11 12 13 14 | 14.3
Invocations    | 2 4 6 7 9 10 12 13 14 16 | 16.9

Action                   |  1- 3 |  4- 6 |  7- 9 | 10-12 | 13-15 | 16-18 || total
-------------------------+-------+-------+-------+-------+-------+-------++-------
Melee: War axe           |   171 |    14 |   452 |   798 |  1336 |   609 ||  3380
Invok: Lesser Servant of |       |       |       |     3 |    12 |     3 ||    18
       Greater Servant o |       |       |       |       |     5 |     2 ||     7
 Abil: Heal Wounds       |     4 |     1 |    15 |    34 |    65 |    24 ||   143
Evoke: Wand              |       |       |       |     3 |     1 |     4 ||     8
  Use: Scroll            |       |       |       |    25 |     3 |    16 ||    44
       Potion            |       |       |       |     1 |     9 |     5 ||    15
 Stab: Distracted        |       |       |       |     3 |     7 |     4 ||    14
       Paralysed         |       |       |       |     5 |       |       ||     5
       Confused          |       |       |       |       |     2 |     2 ||     4
Armor: Scale mail        |    92 |     5 |   104 |       |       |       ||   201
       Chain mail        |       |       |   117 |    21 |       |       ||   138
       Plate armour      |       |       |       |   527 |  1705 |   718 ||  2950
Dodge: Dodged            |    70 |     3 |   126 |   188 |   538 |   246 ||  1171
Block: Kite shield       |   114 |     8 |   276 |   525 |  1185 |   493 ||  2601

Table legend: (Time is in decaauts)
 A = Elapsed time spent in this place.
 B = Non-inter-level travel time spent in this place.
 C = Inter-level travel time spent in this place.
 D = Time resting spent in this place.
 E = Time spent auto-exploring this place.
 F = Levels seen in this place.
 G = Mean time per level.
                   A        B        C        D        E       F      G
               +--------+--------+--------+--------+--------+-----+--------+
         Total |  17488 |  15246 |   2242 |    200 |   9694 |  37 |  472.6 |
       Dungeon |  10277 |   9170 |   1107 |    200 |   6448 |  15 |  685.1 |
        Temple |    135 |    118 |     17 |      0 |    109 |   1 |  135.0 |
          Lair |   2208 |   1828 |    380 |      0 |   1297 |   6 |  368.0 |
         Swamp |   1358 |   1160 |    198 |      0 |    477 |   4 |  339.5 |
   Spider Nest |   1465 |   1239 |    226 |      0 |    260 |   4 |  366.2 |
  Orcish Mines |   1754 |   1527 |    227 |      0 |   1065 |   2 |  877.0 |
        Depths |    288 |    204 |     84 |      0 |     37 |   5 |   57.6 |
               +--------+--------+--------+--------+--------+-----+--------+

Top non-repeatable levels by time:
    D:10: 1281 daAuts
     D:7: 1139 daAuts
     D:9: 1011 daAuts
   Orc:2: 1005 daAuts
  Lair:2: 940 daAuts
     D:5: 938 daAuts
     D:4: 926 daAuts
    D:14: 772 daAuts
   Orc:1: 748 daAuts
     D:6: 740 daAuts
     D:8: 721 daAuts
  Lair:3: 694 daAuts
Spider:1: 563 daAuts
    D:11: 561 daAuts
 Swamp:2: 525 daAuts
